 Dungeon Crawl Stone Soup version 0.22-a0-542-gce4f928 (webtiles) character file.

863 Amnesiac the Magician (level 7, 0/32 HPs)
             Began as a Spriggan Earth Elementalist on June 25, 2018.
             Was an Initiate of Ashenzari.
             Killed by divine providence
             ... invoked by an orc priest
              (17 damage)
             ... on level 5 of the Dungeon.
             The game lasted 00:08:23 (3772 turns).

Amnesiac the Magician (Spriggan Earth Elementalist) Turns: 3772, Time: 00:08:23

Health: 0/32       AC:  3    Str:  4    XL:     7   Next: 72%
Magic:  16/18      EV: 18    Int: 22    God:    Ashenzari [......]
Gold:   247        SH:  0    Dex: 16    Spells: 17/20 levels left

rFire    . . .     SeeInvis +   t - +0 trident (venom)
rCold    . . .     Gourm    .   (shield currently unavailable)
rNeg     . . .     Faith    .   c - +0 robe
rPois    .         Spirit   .   (helmet restricted)
rElec    .         Reflect  .   a - +0 cloak
rCorr    .         Harm     .   (gloves unavailable)
MR       +....                  (boots unavailable)
Stlth    ++........             v - amulet of magic regeneration (curse)
HPRegen  0.10/turn              g - ring of wizardry (curse)
MPRegen  0.41/turn              y - +3 ring of intelligence

@: very quick
A: very small, unfitting armour, see invisible, herbivore, speed 3, slow
metabolism 2
a: Curse Item, Renounce Religion


You were on level 5 of the Dungeon.
You worshipped Ashenzari.
Ashenzari was noncommittal.
You were not hungry.

You visited 2 branches of the dungeon, and saw 6 of its levels.

You collected 247 gold pieces.

Inventory:

Hand Weapons
 e - a +0 dagger
 t - a +0 trident of venom (weapon)
Missiles
 b - 77 stones (quivered)
Armour
 a - a +0 cloak (worn)
 c - a +0 robe (worn)
Jewellery
 g - a cursed ring of wizardry (left hand)
 v - a cursed amulet of magic regeneration (around neck)
 y - a +3 ring of intelligence (right hand)
Wands
 m - a wand of iceblast (9)
 x - a wand of clouds (6)
Scrolls
 h - 2 scrolls of blinking {!r, unknown}
 i - 4 scrolls of identify {!r, unknown}
 k - a scroll of teleportation {!r, unknown}
 l - 2 scrolls of noise {!r, unknown}
 n - a scroll of fog {!r, unknown}
 r - a scroll of immolation {!r, unknown}
 u - a scroll of random uselessness {!r, unknown}
 w - 3 scrolls of fear {!r, unknown}
Potions
 f - 2 potions of curing {!q}
 j - a potion of flight {!q, unknown}
 o - a potion of lignification {!q, unknown}
 p - a potion of agility {!q, unknown}
 q - a potion of magic {!q, unknown}
 s - a potion of mutation {!q, unknown}
Comestibles
 d - 12 rations


   Skills:
 - Level 3.1 Short Blades
 - Level 3.0 Dodging
 - Level 3.0 Stealth
 + Level 7.1 Spellcasting
 - Level 5.0 Transmutations
 - Level 5.0 Earth Magic


You had 17 spell levels left.
You knew the following spells:

 Your Spells              Type           Power        Failure   Level  Hunger
a - Sandblast             Erth           ####..       1%          1    None
b - Passwall              Tmut/Erth      ####....     1%          2    None

Your spell library contained the following spells:

 Spells                   Type           Power        Failure   Level  Hunger
 Stone Arrow              Conj/Erth      ###...       3%          3    None
 Lee's Rapid Deconstruct  Erth           ####......   12%         5    #####..
 Petrify                  Tmut/Erth      ####....     4%          4    ###....


Dungeon Overview and Level Annotations

Branches:
Dungeon (5/15)             Temple (1/1) D:4

Altars:
Ashenzari
Cheibriados
Dithmenos
Elyvilon
Fedhas
Hepliaklqana
Kikubaaqudgha
Nemelex Xobeh
Qazlal
Ru
Sif Muna
Uskayaw
Vehumet
Wu Jian
Xom
Yredelemnul
Zin
The Shining One


Innate Abilities, Weirdness & Mutations

You are very small and have problems with some larger weapons.
You are too small for most types of armour.
You have supernaturally acute eyesight. (SInv)
You are a herbivore.
You cover ground extremely quickly.
You need to consume almost no food.


Message History

You feel clever.
y - a +3 ring of intelligence (right hand)
Casting: Sandblast (safe; 1% risk of failure)
Confirm with . or Enter, or press ? or * to list all spells.
Okay, then.
You start resting.
The orc wizard is too close now for your liking.
Casting: Sandblast (safe; 1% risk of failure)
Confirm with . or Enter, or press ? or * to list all spells.
Aiming: Sandblast (safe; 1% risk of failure)
Press: ? - help, Shift-Dir - straight line, f - orc wizard
Aim: an orc wizard, wielding a dagger and wearing a robe The blast of sand hits the orc wizard.
The orc wizard is lightly wounded.
b - 81 stones The orc wizard gestures at you while chanting.
The puff of frost misses you.
Casting: Sandblast (safe; 1% risk of failure)
Confirm with . or Enter, or press ? or * to list all spells.
Aiming: Sandblast (safe; 1% risk of failure)
Press: ? - help, Shift-Dir - straight line, f/p - orc wizard
Aim: an orc wizard, wielding a dagger and wearing a robe (lightly wounded)
The blast of sand hits the orc.
You kill the orc!
b - 80 stones
Casting: Sandblast (safe; 1% risk of failure)
Confirm with . or Enter, or press ? or * to list all spells.
Aiming: Sandblast (safe; 1% risk of failure)
Press: ? - help, Shift-Dir - straight line, f/p - orc wizard
Aim: an orc wizard, wielding a dagger and wearing a robe (lightly wounded)
The blast of sand hits the orc wizard.
The orc wizard is severely wounded.
b - 79 stones The orc wizard barely misses you.
Casting: Sandblast (safe; 1% risk of failure)
Confirm with . or Enter, or press ? or * to list all spells.
Aiming: Sandblast (safe; 1% risk of failure)
Press: ? - help, Shift-Dir - straight line, f/p - orc wizard
Aim: an orc wizard, wielding a dagger and wearing a robe (severely wounded)
The blast of sand hits the orc wizard.
You kill the orc wizard!
Your Spellcasting skill increases to level 7!
b - 78 stones An orc wizard comes into view.
It is wielding a dagger.
The orc priest invokes the aid of Beogh against you.
Beogh smites you!
* * * LOW HITPOINT WARNING * * *
The orc wizard shouts!
Items here: ) [ †† an uncursed dagger; an uncursed robe; an orc corpse x2
Really quaff
f - 3 coppery potions {!q}?
It was a potion of curing {!q}.
You feel better.
Okay, then.
Casting: Sandblast (safe; 1% risk of failure)
Confirm with . or Enter, or press ? or * to list all spells.
Aiming: Sandblast (safe; 1% risk of failure)
Press: ? - help, Shift-Dir - straight line, f - orc priest
Aim: an orc priest, wielding a club and wearing a scale mail The blast of sand hits the orc priest.
b - 77 stones The orc priest invokes the aid of Beogh against you.
Beogh smites you!
Ouch! That really hurt!
You die...

. #.## #..# #.## ######.#
###>.....## .
..........#### ...
#########.###.......
.....##.............##.###
.........@................
)......####o.##########.#.
....... #..## #..#
.$..o#..oo.## ##.#
...o.#####.. #.# ...o ..##
#.. ... #.## ##. ... #.
##.. #. ....


You could see an orc priest.

Vanquished Creatures
  A sky beast (D:5)
  A black bear (D:4)
  2 phantoms
  A scorpion (D:5)
  A crimson imp (D:5)
  A bullfrog skeleton (D:4)
  2 centaur skeletons
  An orc wizard (D:5)
  An orc priest (D:3)
  2 iguanas
  A worker ant (D:5)
  6 adders
  A howler monkey skeleton (D:4)
  2 oozes
  5 worms
  2 dart slugs
  5 leopard geckos
  8 orcs
  3 giant cockroaches
  15 goblins
  9 hobgoblins
  12 jackals
  2 quokkas
  2 ball pythons
  6 bats
  7 frilled lizards
  4 kobolds
  3 rats
106 creatures vanquished.

Notes
Turn   | Place    | Note
-------+----------+-------------------------------------------
     0 | D:1      | Amnesiac the Spriggan Earth Elementalist began the quest for the Orb.
     0 | D:1      | Reached XP level 1. HP: 9/9 MP: 5/5
    88 | D:1      | Reached skill level 3 in Spellcasting
   109 | D:1      | Reached XP level 2. HP: 13/13 MP: 0/7
   176 | D:1      | Learned a level 2 spell: Passwall
   674 | D:2      | Found a faded altar of an unknown god.
   712 | D:2      | Reached XP level 3. HP: 9/16 MP: 2/8
  1180 | D:3      | Reached XP level 4. HP: 21/21 MP: 5/10
  1465 | D:4      | Found a staircase to the Ecumenical Temple.
  1469 | D:5      | Entered Level 5 of the Dungeon
  1519 | Temple   | Entered the Ecumenical Temple
  1667 | Temple   | Became a worshipper of Ashenzari the Shackled
  1694 | D:5      | Reached XP level 5. HP: 13/24 MP: 3/11
  2218 | D:2      | Reached skill level 4 in Spellcasting
  2892 | D:4      | Noticed a black bear
  2944 | D:4      | Killed a black bear
  2944 | D:4      | Reached skill level 1 in Short Blades
  2944 | D:4      | Reached XP level 6. HP: 22/28 MP: 10/13
  3076 | D:4      | Reached skill level 5 in Earth Magic
  3247 | D:4      | Reached skill level 5 in Transmutations
  3388 | D:5      | Reached skill level 5 in Spellcasting
  3388 | D:5      | Reached XP level 7. HP: 27/32 MP: 11/15
  3460 | D:5      | Reached skill level 6 in Spellcasting
  3767 | D:5      | Reached skill level 7 in Spellcasting
  3772 | D:5      | Killed from afar by an orc priest

Vault maps used:
D:1:      grunt_arrival_crossed_arrows
D:2:      chequers_ecumenical_altar_simple_redux, first_ration
D:4:      minmay_temple_entry_from_below_a
Temple:   regret_index_temple_mists

Skill      XL: |  1  2  3  4  5  6  7 |
---------------+----------------------+-----
Earth Magic    | 3 4 5 |  5.0
Spellcasting   | 3 4 5 7 |  7.1
Transmutations | 3 4 5 |  5.0
Short Blades   | 1 2 3 |  3.1
Dodging        | |  3.0
Stealth        | |  3.0

Action                   |  1- 3 |  4- 6 |  7- 9 || total
-------------------------+-------+-------+-------++-------
Melee: Dagger            |    35 |    12 |       ||    47
       Trident           |       |    80 |    17 ||    97
 Cast: Sandblast         |    48 |    84 |    19 ||   151
       Passwall          |     1 |     2 |       ||     3
Invok: Curse Item        |       |     2 |       ||     2
  Use: Potion            |       |       |     1 ||     1
 Stab: Sleeping          |     5 |     5 |     1 ||    11
Armor: Robe              |     6 |    10 |       ||    16
Dodge: Dodged            |    40 |   113 |    15 ||   168

Table legend:
 A = Spawn XP
 B = Non-spawn XP
 C = Spawn XP percentage of total XP
 D = Spawn monster count
 E = Non-spawn monster count
 F = Spawn count percentage of total count
 G = Total turns spent on level
                    A         B        C        D         E        F      G
               +---------+---------+-------+---------+---------+-------+---------
         Total |       0 |    1234 |   0.0 |       0 |     106 |   0.0 |  3772
               +---------+---------+-------+---------+---------+-------+---------
           D:1 |       0 |      36 |   0.0 |       0 |      22 |   0.0 |   933
           D:2 |       0 |      96 |   0.0 |       0 |      18 |   0.0 |   630
           D:3 |       0 |     122 |   0.0 |       0 |      35 |   0.0 |  1012
           D:4 |       0 |     406 |   0.0 |       0 |      16 |   0.0 |   551
           D:5 |       0 |     574 |   0.0 |       0 |      15 |   0.0 |   486
               +---------+---------+-------+---------+---------+-------+---------
